 Dungeon Crawl Stone Soup version 0.26.1-11-gd32895ea62 (webtiles) character file.

Game seed: 10113978879505307580

100 Zeld the Digger (level 4, -1/24 HPs)
             Began as a Gargoyle Earth Elementalist on Sept 28, 2021.
             Slain by Natasha (6 damage)
             ... on level 2 of the Dungeon.
             The game lasted 00:02:57 (2142 turns).

Zeld the Digger (Gargoyle Earth Elementalist)       Turns: 2142, Time: 00:02:57

Health: -1/24      AC:  5    Str: 11    XL:     4   Next: 73%
Magic:  8/8        EV: 12    Int: 17    God:
Gold:   117        SH:  0    Dex: 10    Spells: 2/8 levels left

rFire    . . .     SeeInvis .   a - +2 dagger (venom)
rCold    . . .     Faith    .   (no shield)
rNeg     + . .     Spirit   .   c - +0 robe
rPois    ∞         Reflect  .   (no helmet)
rElec    +         Harm     .   (no cloak)
rCorr    .         Rampage  .   (no gloves)
Will     .....                  (no boots)
Stlth    ++........             (no amulet)
HPRegen  0.08/turn              (no ring)
MPRegen  0.11/turn              (no ring)

@: no status effects
A: negative energy resistance 1, electricity resistance, unbreathing,
petrification resistance, miasma immunity, AC +3
a: no special abilities


You were on level 2 of the Dungeon.
You visited 1 branch of the dungeon, and saw 3 of its levels.

You collected 117 gold pieces.

Inventory:

Hand Weapons
 a - a +2 dagger of venom (weapon)
Missiles
 t - 5 stones (quivered)
Armour
 c - a +0 robe (worn)
Jewellery
 u - a cursed amulet of inaccuracy {unknown}
Wands
 o - a wand of polymorph (4)
Scrolls
 d - a scroll of magic mapping {unknown}
 f - a scroll of fear {unknown}
 g - 3 scrolls of immolation {unknown}
 i - a scroll of remove curse {unknown}
 j - 3 scrolls of enchant armour {unknown}
 l - a scroll of fog {unknown}
 p - 2 scrolls of amnesia {unknown}
 q - a scroll of noise {unknown}
 r - a scroll of identify {unknown}
Potions
 b - a potion of berserk rage {unknown}
 e - a potion of magic {unknown}
 h - a potion of might {unknown}
 k - 2 potions of flight {unknown}
 m - a potion of haste {unknown}
 n - 2 potions of curing {unknown}
 s - a potion of degeneration {unknown}


   Skills:
 + Level 1.1 Armour
 + Level 2.0 Dodging
 + Level 2.7 Stealth
 * Level 2.9 Spellcasting
 + Level 0.6 Conjurations
 - Level 1.0 Transmutations
 * Level 4.6 Earth Magic


You had 2 spell levels left.
You knew the following spells:

 Your Spells              Type           Power        Failure   Level
a - Sandblast             Erth           36%          2%          1
b - Passwall              Tmut/Erth      10%          9%          2
c - Stone Arrow           Conj/Erth      22%          19%         3

Your spell library contained the following spells:

 Spells                   Type           Power        Failure   Level
 Petrify                  Tmut/Erth      12%          50%         4
 Lee's Rapid Deconstruct  Erth           9%           58%         5


Dungeon Overview and Level Annotations

Branches:
Dungeon (3/15)

Altars:
Okawaru

Annotations:
D:2 Natasha
D:3 exclusion: centaur


Innate Abilities, Weirdness & Mutations

You are resistant to torment.
Your stone body is resilient. (AC +3)
You are immune to poison.
You resist negative energy. (rN+)
You are resistant to electric shocks. (rElec)
You can survive without breathing.
You are immune to petrification.
You are immune to miasma.


Message History

You climb upwards.
There is a stone staircase leading down here.
Okay, then.
Natasha, Servant of Life and Death comes into view.
Natasha is nearby!
Natasha is nearby!
Natasha is nearby!
Natasha mumbles some strange words.
You feel troubled. Natasha claws you!
You closely miss Natasha. Natasha completely misses you.
You barely miss Natasha. Natasha casts a spell at you. The magic dart hits you.
You closely miss Natasha. Natasha closely misses you.
You are too injured to fight recklessly!
You hit Natasha but do no damage. Natasha claws you.
* * * LOW HITPOINT WARNING * * *
You barely miss Natasha. Natasha claws you.
You die...

...##...._....##.#.......
......♣.♣.♣)♣........#.####
...#......................#
...##.#.♣.♣.#........)....#
##.##.....................#
#.##........#.......##########
#.##................# #.....#
#.#########....h....# #.###.#
#........##....@..### #...#.#
#........#####....# #...#.#
#........# #....# #...#.#
#........# #....# #...#.#
#†.).....#####....# #...#.#
#.................# #...#.#
###..........#####.# #...#.#
.......#.........#.# #...#.#
######.#......##.#.# #...#.#


You could see Natasha.

Vanquished Creatures
  Natasha (D:2)
  An adder (D:3)
  2 oozes
  2 dart slugs
  A leopard gecko (D:2)
  3 giant cockroaches
  6 goblins
  4 hobgoblins
  10 jackals
  3 kobolds
  5 bats
  4 frilled lizards
  10 rats
52 creatures vanquished.

Vanquished Creatures (others)
  A plant (D:2)
1 creature vanquished.

Grand Total: 53 creatures vanquished

Notes
Turn   | Place    | Note
-------+----------+-------------------------------------------
     0 | D:1      | Zeld the Gargoyle Earth Elementalist began the quest for
                  | the Orb.
     0 | D:1      | Reached XP level 1. HP: 10/10 MP: 3/3
   174 | D:1      | Reached XP level 2. HP: 15/15 MP: 1/5
   201 | D:1      | Learned a level 2 spell: Passwall
   590 | D:1      | Reached skill level 4 in Earth Magic
   593 | D:1      | Reached skill level 1 in Transmutations
   747 | D:1      | Reached XP level 3. HP: 19/19 MP: 2/6
   751 | D:1      | Learned a level 3 spell: Stone Arrow
  1184 | D:2      | Found an iron altar of Okawaru.
  1589 | D:2      | Noticed Natasha
  1598 | D:2      | Killed Natasha
  1599 | D:2      | Reached skill level 1 in Armour
  1599 | D:2      | Reached XP level 4. HP: 24/24 MP: 6/8
  1774 | D:2      | You fall into a shaft and drop 1 floor!
  1779 | D:3      | Noticed a centaur
  2134 | D:2      | Noticed Natasha
  2142 | D:2      | Slain by Natasha

Illustrated notes

Levels and vault maps discovered:
D:1:      dpeg_arrival_connections, layout_loops_ring
D:2:      layout_basic, serial_bayou_ford_a, chequers_serial_rivers_micro_d,
          okawaru_trees_1, uniq_sigmund, uniq_natasha
D:3:      layout_rooms, roderic_lattice_a

Skill      XL: |  1  2  3  4 |
---------------+-------------+-----
Earth Magic    | 4 |  4.6
Transmutations | 1 |  1.0
Armour         | 1 |  1.1
Dodging        | 2 |  2.0
Stealth        | |  2.7
Spellcasting   | |  2.9
Conjurations   | |  0.6

Action                   |  1- 3 |  4- 6 || total
-------------------------+-------+-------++-------
Melee: Unarmed           |    49 |       ||    49
       Dagger            |    55 |    44 ||    99
 Cast: Sandblast         |    30 |       ||    30
 Stab: Distracted        |       |     1 ||     1
Armor: Robe              |    48 |    17 ||    65
Dodge: Dodged            |    87 |    21 ||   108
